Map: Frozen Temple

Players

llllllllllll - Winner!

  • Race: Zerg Zerg
  • League: Master

IIIIIIIIIIII

  • Race: Protoss Protoss
  • League: Grandmaster

VOD

Have the link to the VOD?

Description

Time

  • Played on: Aug. 3, 2016, 11:33 p.m.
  • Length: 15:44
Show
View Real Time Build Order
Export as new Build Order

llllllllllll Zerg - Winner!

Build Orders: Hatch First, Lurkers 

Get SALT Encoding   

  12  0:01  Drone  
  13  0:13  Overlord  
  13  0:17  Drone  
  14  0:32  Drone x2  
  16  0:36  Drone  
  17  0:52  Hatchery  
  17  0:56  Drone  
  17  0:59  Drone  
  18  1:10  Extractor  
  17  1:13  Spawning Pool  
  17  1:16  Drone  
  17  1:20  Drone  
  18  1:29  Drone  
  19  1:44  Hatchery  
  18  1:47  Drone  
  18  1:53  Drone  
  20  2:00  Queen  
  22  2:05  Drone  
  22  2:08  Zergling x2  
  24  2:15  Metabolic Boost  
  24  2:21  Overlord  
  24  2:24  Drone  
  24  2:28  Drone  
  26  2:31  Drone  
  27  2:41  Queen  
  27  2:43  Drone  
  30  2:45  Drone  
  30  2:51  Pneumatized Carapace  
  30  2:57  Drone  
  30  2:58  Drone x2  
  33  2:59  Drone  
  34  3:06  Zergling x2  
  34  3:07  Zergling x2  
  34  3:08  Zergling x2  
  37  3:13  Queen  
  37  3:15  Extractor  
  38  3:22  Drone  
  38  3:23  Overlord  
  38  3:25  Drone  
  38  3:26  Drone  
  41  3:28  Drone  
  43  3:41  Overlord  
  42  3:43  Drone x5  
  42  3:45  Drone  
  48  3:52  Overlord  
  48  3:54  Drone x2  
  50  4:00  Drone  
  50  4:02  Drone  
  52  4:03  Drone x2  
  52  4:09  Overlord  
  54  4:13  Extractor  
  54  4:15  Roach Warren, Drone  
  54  4:17  Drone  
  54  4:18  Drone x2  
  54  4:19  Drone x2  
  54  4:22  Drone  
  54  4:23  Overlord  
  59  4:29  Zergling x12  
  59  4:30  Zergling x2  
  66  4:36  Drone  
  66  4:37  Drone  
  68  4:47  Drone x2  
  68  4:48  Drone x2  
  68  4:49  Lair  
  68  4:52  Drone x3  
  75  4:55  Evolution Chamber, Extractor  
  73  5:01  Overlord  
  73  5:05  Roach x4  
  73  5:06  Overlord  
  81  5:08  Drone  
  81  5:10  Overlord  
  82  5:15  Overlord  
  82  5:16  Extractor x2  
  82  5:17  Overlord  
  82  5:19  Drone  
  81  5:22  Roach  
  81  5:23  Roach x2  
  81  5:24  Drone  
  83  5:39  Drone  
  83  5:40  Drone x9  
  88  5:43  Roach  
  88  5:48  Zergling x2  
  86  5:56  Zergling x6  
  89  6:00  Drone x2  
  91  6:08  Drone  
  92  6:11  Extractor  
  92  6:13  Hydralisk Den, Drone  
  92  6:14  Overlord, Drone x4  
  95  6:19  Overseer  
  95  6:21  Overlord  
  95  6:24  Glial Reconstitution, Zerg Melee Weapons Level 1  
  95  6:28  Overlord  
  95  6:42  Hydralisk, Lurker Den  
  95  6:43  Hydralisk x2  
  95  6:44  Hatchery  
  95  6:47  Hydralisk  
  102  6:55  Hydralisk  
  102  6:56  Hydralisk x3  
  102  7:00  Hydralisk x2  
  114  7:05  Hydralisk x3  
  120  7:12  Hydralisk x2  
  120  7:13  Hydralisk  
  126  7:17  Ravager x2  
  126  7:19  Overlord  
  126  7:20  Zergling x8  
  132  7:26  Overlord  
  132  7:31  Overlord  
  132  7:38  Overlord  
  132  7:39  Zergling x2  
  132  7:40  Zergling x10  
  138  7:54  Drone x8  
  138  7:57  Drone  
  146  7:59  Drone x2  
  146  8:02  Overlord  
  148  8:08  Drone x4  
  148  8:10  Extractor, Muscular Augments  
  148  8:11  Extractor  
  150  8:13  Lurker x3  
  150  8:14  Lurker x4  
  150  8:15  Lurker  
  150  8:17  Overlord x2  
  159  8:20  Zergling x10  
  159  8:21  Zerg Melee Weapons Level 2  
  162  8:40  Hydralisk x4  
  162  8:41  Hydralisk x3  
  172  9:17  Hydralisk x10  
  171  9:19  Overlord  
  171  9:20  Overlord x2  
  171  9:22  Spire  
  171  9:23  Infestation Pit  
  137  9:53  Hydralisk x12  
  137  9:56  Zergling x2  
  137  9:57  Zergling x12  
  148  10:01  Roach  
  148  10:05  Hydralisk  
  143  10:10  Zergling x6  
  140  10:16  Roach  
  140  10:17  Lurker x2  
  135  10:23  Zergling x6  
  129  10:35  Roach x10  
  146  10:36  Roach x4  
  153  10:47  Mutalisk x5  
  163  10:51  Lurker  
  163  10:52  Ravager  
  163  10:53  Lurker  
  163  10:55  Lurker  
  166  11:01  Zergling x8  
  170  11:09  Hydralisk x7  
  184  11:24  Hatchery  
  179  11:27  Mutalisk x3  
  185  11:36  Zergling x8  
  185  11:37  Zergling x6  
  185  11:38  Overlord x2  
  192  11:40  Overseer  
  164  12:00  Hydralisk  
  164  12:01  Hydralisk x11  
  166  12:15  Zergling x8  
  160  12:24  Extractor  
  160  12:25  Extractor  
  160  12:26  Zergling x8  
  158  12:34  Zergling x2  
  158  12:35  Zergling x6  
  158  12:43  Lurker x8  
  158  12:44  Lurker  
  167  12:50  Overlord  
  164  12:55  Hydralisk x5  
  164  12:57  Zergling x8  
  165  13:12  Hydralisk x6  
  167  13:16  Zergling x2  
  167  13:17  Zergling x12  
  174  13:22  Zergling x2  
  166  13:28  Hydralisk, Hive  
  166  13:29  Hydralisk x2  
  166  13:32  Zergling x2  
  145  14:01  Overseer x2  
  145  14:02  Overseer  
  138  14:05  Zergling x28  
  106  14:25  Hydralisk x5  
  94  14:37  Drone  
  94  14:38  Drone x5  
  97  14:41  Drone  
  93  14:50  Drone x3  
  92  15:02  Hydralisk  
  92  15:03  Hydralisk x3  
  109  15:18  Zergling x18  
  109  15:23  Lurker x3  
  109  15:24  Lurker  
  109  15:25  Lurker  
Show
View Real Time Build Order
Export as new Build Order

IIIIIIIIIIII Protoss 

Build Orders: 1 Gate Expand 

Get SALT Encoding   

  12  0:00  Probe (Chrono Boost)  
  13  0:11  Probe (Chrono Boost)  
  14  0:17  Pylon  
  14  0:21  Probe (Chrono Boost)  
  15  0:36  Probe (Chrono Boost), Gateway  
  16  0:46  Probe (Chrono Boost)  
  16  0:48  Assimilator  
  18  0:57  Probe (Chrono Boost)  
  18  1:07  Probe (Chrono Boost)  
  19  1:18  Nexus  
  19  1:21  Probe (Chrono Boost)  
  20  1:32  Cybernetics Core  
  20  1:34  Probe (Chrono Boost)  
  21  1:40  Assimilator  
  21  1:45  Probe (Chrono Boost)  
  22  1:51  Pylon  
  22  1:55  Probe (Chrono Boost)  
  23  2:06  Adept  
  23  2:08  Warp Gate  
  23  2:11  Probe (Chrono Boost)  
  26  2:22  Twilight Council  
  27  2:23  Probe (Chrono Boost)  
  27  2:30  Probe (Chrono Boost)  
  27  2:31  Stalker  
  27  2:35  Probe (Chrono Boost)  
  31  2:41  Probe (Chrono Boost)  
  32  2:46  Resonating Glaives  
  32  2:47  Probe (Chrono Boost)  
  34  2:52  Probe (Chrono Boost)  
  34  2:58  Probe (Chrono Boost)  
  35  3:04  Probe (Chrono Boost)  
  36  3:08  Probe (Chrono Boost)  
  37  3:16  Probe (Chrono Boost)  
  37  3:19  Probe (Chrono Boost)  
  39  3:22  Gateway  
  39  3:23  Gateway  
  40  3:28  Probe (Chrono Boost)  
  40  3:30  Probe (Chrono Boost)  
  41  3:40  Probe x2 (Chrono Boost)  
  41  3:41  Assimilator  
  41  3:44  Gateway  
  41  3:51  Probe (Chrono Boost)  
  41  3:52  Pylon, Mothership Core (Chrono Boost)  
  44  3:57  Pylon  
  44  3:58  Pylon  
  44  4:02  Probe (Chrono Boost)  
  45  4:11  Robotics Facility  
  45  4:12  Probe (Chrono Boost)  
  45  4:16  Probe (Chrono Boost)  
  47  4:18  Adept x3  
  54  4:24  Probe (Chrono Boost)  
  54  4:26  Probe (Chrono Boost)  
  55  4:34  Nexus  
  55  4:35  Pylon  
  55  4:36  Probe (Chrono Boost)  
  56  4:38  Adept  
  56  4:39  Adept  
  56  4:41  Adept  
  62  4:47  Probe (Chrono Boost)  
  62  4:49  Probe (Chrono Boost)  
  62  4:52  Assimilator  
  64  4:55  Adept  
  64  4:58  Probe (Chrono Boost)  
  68  5:01  Probe (Chrono Boost)  
  68  5:03  Adept x2  
  68  5:04  Adept  
  74  5:08  Probe (Chrono Boost)  
  74  5:11  Pylon  
  74  5:13  Probe (Chrono Boost)  
  76  5:19  Probe (Chrono Boost)  
  77  5:25  Probe (Chrono Boost)  
  78  5:29  Probe (Chrono Boost)  
  79  5:36  Blink  
  79  5:37  Probe (Chrono Boost)  
  79  5:40  Probe (Chrono Boost)  
  79  5:49  Probe (Chrono Boost)  
  76  5:50  Probe (Chrono Boost)  
  76  5:51  Stalker x4  
  81  5:58  Probe (Chrono Boost), Robotics Bay  
  81  6:01  Probe x2 (Chrono Boost)  
  84  6:08  Observer, Probe (Chrono Boost), Gateway  
  84  6:11  Gateway  
  86  6:13  Probe (Chrono Boost)  
  86  6:14  Probe (Chrono Boost)  
  88  6:19  Probe (Chrono Boost), Sentry x3  
  88  6:22  Assimilator  
  88  6:24  Assimilator  
  88  6:25  Stalker  
  99  6:26  Pylon  
  99  6:29  Pylon  
  97  6:35  Probe (Chrono Boost)  
  97  6:36  Pylon  
  97  6:37  Pylon  
  97  6:38  Pylon  
  98  6:40  Disruptor  
  98  6:42  Forge  
  101  6:48  Stalker x2  
  101  6:49  Stalker x2  
  101  6:54  Gateway  
  109  6:57  Pylon  
  109  7:01  Robotics Facility  
  109  7:03  Pylon, Protoss Ground Weapons Level 1  
  109  7:07  Pylon  
  109  7:08  Pylon  
  109  7:12  Disruptor  
  109  7:13  Stalker x2  
  113  7:17  Gravitic Drive  
  116  7:37  Gateway  
  116  7:38  Gateway  
  116  7:40  Gateway  
  116  7:42  Stalker x4  
  116  7:43  Disruptor  
  124  7:44  Disruptor  
  130  8:03  Pylon  
  130  8:07  Pylon  
  130  8:09  Photon Cannon  
  130  8:12  Photon Cannon x2  
  130  8:14  Pylon, Observer Gravitic Boosters, Warp Prism  
  130  8:15  Adept x2  
  130  8:17  Adept  
  130  8:18  Adept  
  140  8:21  Disruptor  
  143  8:44  Stargate, Protoss Ground Weapons Level 2  
  143  8:45  Disruptor  
  143  8:52  Disruptor  
  144  9:00  Stalker x4  
  144  9:01  Stalker x3  
  155  9:07  Adept x3  
  161  9:25  Adept x7  
  161  9:28  Disruptor  
  149  9:50  Stalker x4  
  149  9:52  Zealot x2  
  141  9:55  Observer  
  129  10:02  Stalker x3  
  131  10:09  Adept  
  133  10:20  Stalker x4  
  133  10:21  Stalker x2  
  121  10:30  Warp Prism  
  121  10:34  Adept x4  
  126  10:47  Observer  
  126  10:48  Adept x6  
  137  10:59  Sentry  
  137  11:00  Sentry x2  
  137  11:03  Observer  
  144  11:14  Nexus  
  144  11:17  Pylon  
  144  11:19  Pylon  
  144  11:23  Observer  
  144  11:24  Observer  
  146  11:34  Stalker x8  
  140  11:57  Stalker x5  
  124  12:04  Adept x2  
  124  12:05  Adept x2  
  121  12:16  Adept  
  121  12:21  Adept  
  121  12:22  Adept x3  
  123  12:28  Dark Shrine  
  122  12:36  Sentry x3  
  128  12:37  Sentry  
  133  12:49  Adept x6  
  130  13:06  Observer, Adept x2  
  130  13:07  Adept x2  
  137  13:22  Observer  
  137  13:27  Immortal  
  130  13:33  Probe x3 (Chrono Boost)  
  133  13:38  Immortal  
  125  13:42  Dark Templar  
  125  13:43  Dark Templar  
  125  13:45  Probe x3 (Chrono Boost)  
  125  13:46  Dark Templar  
  124  13:57  Probe x3 (Chrono Boost), Adept x7  
  138  14:03  Observer  
  134  14:14  Observer  
  117  14:17  Adept x2  
  117  14:18  Adept x3  
  117  14:22  Adept x2  
  122  14:27  Observer  
  90  14:32  Adept x2  
  90  14:38  Archon  
  83  14:40  Adept x4  
  86  14:46  Observer  
  79  15:01  Adept x3  
  85  15:22  Sentry x4  
Tags
 
Add a new tag
Caveats
  • Supply blocks, unpowered buildings, or Contaminate may cause inaccurate times.
  • Supply counts are checked every 10 seconds.